 Dungeon Crawl Stone Soup version 0.28-a0-819-g6ef7baa362 (webtiles) character file.

Game seed: 9834790086377563734

261 flyleaff the Covered (level 6, -18/51 HPs)
             Began as a Ghoul Fighter on Nov 9, 2021.
             Was an Initiate of Makhleb.
             Demolished by an ogre (27 damage)
             ... on level 5 of the Dungeon.
             The game lasted 00:09:23 (4993 turns).

flyleaff the Covered (Ghoul Fighter)                Turns: 4993, Time: 00:09:24

Health: -18/51     AC:  5    Str: 21    XL:     6   Next: 18%
Magic:  5/5        EV: 10    Int:  4    God:    Makhleb [......]
Gold:   59         SH:  5    Dex:  8    Spells: 5/5 levels left

rFire   . . .      SeeInvis +   n - +2 spear (vamp)
rCold   + . .      Faith    .   b - +1 buckler
rNeg    + + +      Spirit   .   p - +2 leather armour of Articulation {rPois rN+}
rPois   ∞          Reflect  .   (no helmet)
rElec   .          Harm     .   (no cloak)
rCorr   .          Rampage  .   (no gloves)
Will    .....                   (no boots)
Stlth   +.........              (no amulet)
HPRegen 0.00/turn               e - ring of see invisible
MPRegen 0.09/turn               (no ring)

@: inhibited regen
A: claws 1, cold resistance 1, negative energy resistance 3, inhibited
regeneration, torment resistance 2
a: Renounce Religion


You were on level 5 of the Dungeon.
You worshipped Makhleb.
Makhleb was noncommittal.
You visited 2 branches of the dungeon, and saw 6 of its levels.

You collected 241 gold pieces.
You spent 182 gold pieces at shops.

Inventory:

Hand Weapons
 n - a +2 vampiric spear (weapon)
Missiles
 f - 18 poisoned darts (quivered)
Armour
 a - a +0 scale mail
 b - a +1 buckler (worn)
 i - a +0 plate armour
 p - the +2 leather armour of Articulation (worn) {rPois rN+}
   (You found it on level 4 of the Dungeon)

   rPois:     It protects you from poison.
   rN:        It protects you from negative energy.
Jewellery
 e - a ring of see invisible (left claw)
 g - a ring of ice
 j - a ring of ice
Scrolls
 o - a scroll of fog
Potions
 c - 2 potions of might
 d - a potion of flight {unknown}
 h - 3 potions of brilliance
 k - a potion of curing
 l - 2 potions of cancellation
 m - a potion of heal wounds
 q - a potion of attraction {unknown}


   Skills:
 - Level 3.2 Fighting
 + Level 2.1 Polearms
 + Level 4.7 Armour
 - Level 2.6 Shields
 - Level 4.1 Unarmed Combat


You had 5 spell levels left.
You didn't know any spells.
Your spell library contained the following spells:

 Spells                   Type           Power      Damage    Failure   Level
 Slow                     Hex            0%         N/A       61%         1
 Confusing Touch          Hex            0%         N/A       93%         3
 Yara's Violent Unravell  Hex/Tmut       0%         3d3       100%        5
 Conjure Ball Lightning   Conj/Air       0%         3x3d6     100%        6
 Discord                  Hex            0%         N/A       100%        8
 Disjunction              Tloc           0%         N/A       100%        8


Dungeon Overview and Level Annotations

Branches:
Dungeon (5/15)             Temple (1/1) D:4

Altars:
Ashenzari
Cheibriados
Dithmenos
Elyvilon
Gozag
Hepliaklqana
Kikubaaqudgha
Makhleb
Nemelex Xobeh
Okawaru
Qazlal
Ru
Sif Muna
Trog
Uskayaw
Vehumet
Wu Jian
Xom
Yredelemnul
Zin
The Shining One

Shops:
D:2 !


Innate Abilities, Weirdness & Mutations

You thrive by killing the living.
You are immune to poison.
You have sharp fingernails.
Your flesh is cold resistant. (rC+)
You are immune to negative energy. (rN+++)
You do not regenerate when monsters are visible.
You are immune to unholy pain and torment.


Message History

The ufetubus hits you but does no damage.
You hit the ufetubus.
The ufetubus is severely wounded.
The ufetubus closely misses you. The ufetubus barely misses you.
You barely miss the ufetubus.
The ufetubus is severely wounded.
The ufetubus hits you. The ufetubus completely misses you.
The ufetubus closely misses you. You block the ufetubus's attack.
You hit the ufetubus.
You kill the ufetubus!
Makhleb accepts your kill.
You feel better.
You hit the ogre.
You feel better.
The ogre is heavily wounded.
You block the ogre's attack.
You hit the ogre.
The ogre is heavily wounded.
The ogre hits you with a +0 giant club!
You are too injured to fight recklessly!
You are too injured to fight recklessly!
You are too injured to fight recklessly!
You are too injured to fight recklessly!
You are too injured to fight recklessly!
You hit the ogre.
You feel better.
The ogre is severely wounded.
You barely miss the ogre.
The ogre is severely wounded.
The ogre hits you with a +0 giant club.
You hit the ogre.
The ogre is severely wounded.
The ogre hits you with a +0 giant club!
* * * LOW HITPOINT WARNING * * *
You completely miss the ogre.
The ogre is severely wounded.
You block the ogre's attack.
You hit the ogre.
The ogre is almost dead.
The ogre hits you with a +0 giant club!!
Ouch! That really hurt!
You die...

#. #. #. #. #.
######.
.......########.#
#.....O@.<.....#
#...##########.#
##


You could see an ogre.

Vanquished Creatures
  A phantom (D:4)
  2 orc wizards
  3 adders
  3 gnolls (D:2)
  An ufetubus (D:5)
  An adder skeleton (D:4)
  2 dart slugs
  9 orcs
  9 ball pythons
  10 bats
  7 endoplasms
  2 giant cockroaches
  2 goblins (D:4)
  5 hobgoblins
  3 kobolds
  4 rats
64 creatures vanquished.

Notes
Turn   | Place    | Note
-------+----------+-------------------------------------------
     0 | D:1      | flyleaff the Ghoul Fighter began the quest for the Orb.
     0 | D:1      | Reached XP level 1. HP: 19/19 MP: 0/0
    78 | D:1      | Found a faded altar of an unknown god.
   335 | D:1      | Reached XP level 2. HP: 26/26 MP: 1/1
  1308 | D:2      | Found a radiant altar of Vehumet.
  1584 | D:2      | Reached XP level 3. HP: 15/31 MP: 2/2
  1801 | D:2      | Reached XP level 4. HP: 15/38 MP: 3/3
  2740 | D:2      | Found Ypobae's Distillery.
  2750 | D:2      | Bought a potion of degeneration for 14 gold pieces
  2750 | D:2      | Bought a potion of heal wounds for 70 gold pieces
  2940 | D:3      | Reached XP level 5. HP: 45/45 MP: 4/4
  3193 | D:3      | Reached skill level 1 in Polearms
  3602 | D:4      | Found a staircase to the Ecumenical Temple.
  3616 | Temple   | Entered the Ecumenical Temple
  3772 | Temple   | Became a worshipper of Makhleb the Destroyer
  3900 | D:4      | Noticed a phantom
  3915 | D:4      | Killed a phantom
  3916 | D:4      | Reached XP level 6. HP: 25/51 MP: 5/5
  4317 | D:2      | Bought a potion of curing for 42 gold pieces
  4317 | D:2      | Bought a potion of might for 56 gold pieces
  4880 | D:4      | Identified the +2 leather armour of Articulation {rPois
                  | rN+}
  4971 | D:5      | Entered Level 5 of the Dungeon
  4993 | D:5      | Demolished by an ogre

Illustrated notes

Levels and vault maps discovered:
D:1:      dpeg_arrival_lava_temple_mockup, layout_basic,
          ebering_ecumenical_altar_petrified, kennysheep_decorative_pillar,
          minmay_pentomino_w2
D:2:      layout_loops_corners, basic_altar, serial_shops,
          nicolae_lakefront_shop
D:3:      layout_basic, tso_metal_star
D:4:      layout_loops_ring, minmay_temple_entry_large_hall,
          serial_co_window_serial, co_window_cross_1, co_window_paths_a,
          co_window_paths_a, co_window_of_opportunity_a, co_window_paths_b,
          co_window_paths_b, co_window_paths_a, co_window_corner_cb,
          co_window_paths_c, co_window_2corner, co_window_unsneaky_path_c,
          co_window_broadway_c, glass_columns_b, glass_columns_b,
          glass_columns_c
D:5:      layout_loops_ring
Temple:   regret_index_temple_chain_breaker

Skill      XL: |  1  2  3  4  5 |
---------------+----------------+-----
Armour         | 3 4 |  4.7
Unarmed Combat | 3 4 |  4.1
Polearms       | 2 |  2.1
Fighting       | |  3.2
Shields        | |  2.6

Action                   |  1- 3 |  4- 6 || total
-------------------------+-------+-------++-------
Melee: Unarmed           |    86 |    62 ||   148
       Spear             |       |   119 ||   119
Throw: Dart              |     4 |       ||     4
  Use: Scroll            |       |     6 ||     6
Armor: Scale mail        |    42 |    73 ||   115
       Leather armour    |       |     3 ||     3
Dodge: Dodged            |    45 |    70 ||   115
Block: Buckler           |    12 |    38 ||    50

Table legend: (Time is in decaauts)
 A = Elapsed time spent in this place.
 B = Non-inter-level travel time spent in this place.
 C = Inter-level travel time spent in this place.
 D = Time resting spent in this place.
 E = Time spent auto-exploring this place.
 F = Levels seen in this place.
 G = Mean time per level.
                   A        B        C        D        E       F      G
               +--------+--------+--------+--------+--------+-----+--------+
         Total |   4998 |   4564 |    434 |      0 |   3945 |   6 |  833.0 |
       Dungeon |   4831 |   4434 |    397 |      0 |   3836 |   5 |  966.2 |
        Temple |    166 |    129 |     37 |      0 |    109 |   1 |  166.0 |
               +--------+--------+--------+--------+--------+-----+--------+

Top non-repeatable levels by time:
     D:2: 1759 daAuts
     D:4: 1146 daAuts
     D:1: 1127 daAuts
     D:3: 775 daAuts
  Temple: 166 daAuts
     D:5: 22 daAuts
